 Dungeon Crawl Stone Soup version 0.30.0-13-g156ef70053 (webtiles) character file.

Game seed: 2302945345643259385

9 browni3141 the Firebug (level 2, -3/19 HPs)
             Began as a Demonspawn Fire Elementalist on May 17, 2023.
             Slain by a worm (7 damage)
             ... on level 2 of the Dungeon.
             The game lasted 00:00:27 (270 turns).

browni3141 the Firebug (DsFE)                        Turns: 270, Time: 00:00:28

Health: -3/19      AC:  2    Str:  8    XL:     2   Next: 6%
Magic:  1/5        EV: 14    Int: 16    God:
Gold:   26         SH:  0    Dex: 13    Spells: 4/5 levels left

rFire   . . .        (no weapon)
rCold   . . .        (no shield)
rNeg    . . .        a - +0 robe
rPois   .            (no helmet)
rElec   .            (no cloak)
rCorr   .            (no gloves)
SInv    .            (no boots)
Will    .....        (no amulet)
Stlth   ++           (no ring)
HPRegen 0.23/turn    (no ring)
MPRegen 0.09/turn

%: no passive effects
@: no status effects
A: repulsion field 1
a: no special abilities


You were on level 2 of the Dungeon.
You visited 1 branch of the dungeon, and saw 2 of its levels.

You collected 26 gold pieces.

Inventory:

Armour
 a - a +0 robe (worn)
Scrolls
 n - a scroll of noise {unknown}
Potions
 m - a potion of magic


   Skills:
 + Level 1.9 Dodging
 + Level 2.0 Stealth
 + Level 2.1 Spellcasting
 + Level 1.2 Conjurations
 + Level 2.8 Fire Magic


You had 4 spell levels left.
You knew the following spells:

 Your Spells              Type           Power      Damage    Failure   Level
z - Foxfire               Conj/Fire      32%        2x1d5     9%          1

Your spell library contained the following spells:

 Spells                   Type           Power      Damage    Failure   Level
 Scorch                   Fire           20%        2d5       10%         2
 Inner Flame              Hex/Fire       6%         N/A       34%         3
 Volatile Blastmotes      Fire/Tloc      12%        2d11      34%         3
 Flame Wave               Conj/Fire      8%         2d5       65%         4


Dungeon Overview and Level Annotations

Branches:
Dungeon (1/15)

Altars:

Annotations:
D:1 1 runed translucent door


Innate Abilities, Weirdness & Mutations

You are surrounded by a mild repulsion field. (EV +2)


Message History

A jackal comes into view.
You conjure some foxfire!
The foxfire hits the jackal.
You kill the jackal!
The foxfire hits the jackal.
The jackal is heavily wounded.
The foxfire hits the jackal.
The jackal is almost dead.
You are out of magic!
You are out of magic!
The foxfire hits the jackal.
You kill the jackal!
The foxfire hits the jackal.
The jackal is severely wounded.
A jackal comes into view.
The jackal barely misses you. The jackal attacks as you move away!
The jackal bites you. x2
The jackal attacks as you move away! The jackal bites you.
The jackal barely misses you. The jackal attacks as you move away!
The jackal bites you. The jackal completely misses you. The jackal misses you.
You are too injured to fight recklessly!
Casting: Foxfire (safe; 10% risk of failure)
Press: ? - help, Q - select action Dir - look around, f - activate You conjure some foxfire!
The jackal bites you.
The foxfire hits the jackal.
The jackal is almost dead.
A goblin comes into view. It is wielding a +0 dagger.
The foxfire hits the jackal.
You kill the jackal!
The jackal attacks as you move away!
The jackal bites you but does no damage.
The jackal bites you but does no damage.
The jackal attacks as you move away! The jackal misses you.
The jackal barely misses you. The jackal barely misses you.
Casting: Foxfire (safe; 10% risk of failure)
Press: ? - help, Q - select action Dir - look around, f - activate You conjure some foxfire!
The jackal bites you.
The foxfire hits the jackal.
You kill the jackal!
Your foxfire dissipates!
HP restored.
Magic restored.
The goblin shouts!
A goblin is nearby!
A goblin is nearby!
A goblin is nearby!
You conjure some foxfire!
You conjure some foxfire!
The foxfire hits the goblin.
The goblin is severely wounded.
The foxfire hits the goblin.
You kill the goblin!
Your foxfire dissipates!
Your foxfire dissipates!
You now have 26 gold pieces (gained 7).
A sourceless malevolence fills the Dungeon...
You fall into a shaft and drop 1 floor!
The shaft crumbles and collapses.
As you open the door, it creaks loudly!
There is an open door here.
Found a stone staircase leading down.
There is a stone staircase leading down here.
Found a stone staircase leading up.
A goblin comes into view. It is wielding a +0 club.
You conjure some foxfire!
You conjure some foxfire!
You conjure some foxfire!
The foxfire hits the goblin.
The goblin is moderately wounded.
The goblin shouts!
The foxfire hits the goblin.
You kill the goblin!
You hear a shout!
Your Stealth skill increases to level 2!
You have reached level 2!
Your demonic ancestry asserts itself...
You begin to radiate repulsive energy.
Your foxfire dissipates!
A goblin comes into view. It is wielding a +0 dagger.
Your foxfire dissipates!
The foxfire hits the goblin.
The goblin is heavily wounded.
The foxfire hits the goblin.
You kill the goblin!
A worm comes into view.
Found a stone staircase leading down.
You are out of magic!
You are out of magic!
You are out of magic!
You are out of magic!
The worm bites you. The worm bites you!
Ouch! That really hurt!
* * * LOW HITPOINT WARNING * * *
The worm barely misses you. The worm bites you.
* * * LOW HITPOINT WARNING * * *
The worm bites you!
You die...

####........
..................###
###...###...........##
##..## ###...#..⌠..##
##..## .........# #...#
##..⌠.....#
..§##########......>..#
........##......⌠.....#
#######.........@w....#
####........⌠..##
#.....#....##
#......)##....
#.....### ..... #.....#
.... #...).# $..
#.....# ...


You could see a worm.

Vanquished Creatures
  3 goblins
  4 jackals (D:1)
7 creatures vanquished.

Vanquished Creatures (others)
  16 foxfires
16 creatures vanquished.

Grand Total: 23 creatures vanquished

Notes
Turn   | Place    | Note
-------+----------+-------------------------------------------
     0 | D:1      | browni3141 the Demonspawn Fire Elementalist began the quest
                  | for the Orb.
     0 | D:1      | Reached XP level 1. HP: 13/13 MP: 3/3
     1 | D:1      | Found a runed translucent door.
   171 | D:1      | You fall into a shaft and drop 1 floor!
   256 | D:2      | Gained mutation: You are surrounded by a mild repulsion
                  | field. (EV +2) [demonic ancestry]
   256 | D:2      | Reached XP level 2. HP: 19/19 MP: 0/5
   270 | D:2      | Slain by a worm

Illustrated notes

Levels and vault maps discovered:
D:1:      dpeg_arrival_caged_fury, layout_basic, nicolae_nh_oracle_at_delphi
D:2:      layout_rooms, minmay_misc_feat_five, grunt_ministairs_9,
          nrook_mini_vaults

Skill      XL: |  1 |
---------------+----+-----
Stealth        | 2 |  2.0
Dodging        | |  1.9
Spellcasting   | |  2.1
Conjurations   | |  1.2
Fire Magic     | |  2.8

Action                     || total
---------------------------++-------
   Cast: Foxfire           ||    10
 Armour: Robe              ||     2
  Dodge: Dodged            ||     8
